 Dungeon Crawl Stone Soup version 0.27-a0-1200-g94dc6ad4cf (webtiles) character file.

Game seed: 17786040723112372623

366 bande the Shield-Bearer (level 6, 0/38 HPs)
             Began as a Gargoyle Fighter on May 30, 2021.
             Slain by Edmund
             ... wielding a +0 dire flail of protection
              (10 damage)
             ... on level 4 of the Dungeon.
             The game lasted 00:05:05 (2775 turns).

bande the Shield-Bearer (Gargoyle Fighter)          Turns: 2775, Time: 00:05:05

Health: 0/38       AC: 15    Str: 21    XL:     6   Next: 68%
Magic:  6/6        EV:  6    Int:  8    God:
Gold:   185        SH:  9    Dex: 10    Spells: 5/5 levels left

rFire    . . .     SeeInvis .   a - +1 war axe
rCold    . . .     Faith    .   c - +0 kite shield
rNeg     + . .     Spirit   .   j - +0 chain mail
rPois    ∞         Reflect  .   (no helmet)
rElec    +         Harm     .   (no cloak)
rCorr    .         Rampage  .   (no gloves)
Will     .....                  h - +0 pair of boots
Stlth    ..........             (no amulet)
HPRegen  0.12/turn              (no ring)
MPRegen  0.10/turn              (no ring)

@: no status effects
A: sickness immunity, AC +4, negative energy resistance 1, electricity
resistance, torment resistance 1, petrification resistance
a: no special abilities


You were on level 4 of the Dungeon.
You visited 1 branch of the dungeon, and saw 4 of its levels.

You collected 185 gold pieces.

Inventory:

Hand Weapons
 a - a +1 war axe (weapon)
Armour
 c - a +0 kite shield (worn)
 h - a +0 pair of boots (worn)
 j - a +0 chain mail (worn)
Jewellery
 g - a ring of protection from fire
Scrolls
 b - 2 scrolls of identify {unknown}
 f - 3 scrolls of enchant weapon
Potions
 d - 3 potions of might
 i - a potion of flight {unknown}


   Skills:
 + Level 4.2 Fighting
 + Level 4.0 Axes
 + Level 4.5 Armour
 + Level 0.8 Dodging
 + Level 4.8 Shields


You had 5 spell levels left.
You didn't know any spells.
Your spell library contained the following spells:

 Spells                   Type           Power      Damage    Failure   Level
 Confusing Touch          Hex            0%         N/A       100%        3
 Gell's Gravitas          Tloc           0%         N/A       100%        3
 Petrify                  Tmut/Erth      0%         N/A       100%        4
 Metabolic Englaciation   Hex/Ice        0%         N/A       100%        5
 Yara's Violent Unravell  Hex/Tmut       0%         3d3       100%        5


Dungeon Overview and Level Annotations

Branches:
Dungeon (4/15)
 Temple: D:4-7

Altars:
Xom

Shops:
D:1 [((::

Annotations:
D:4 Edmund


Innate Abilities, Weirdness & Mutations

You are immune to sickness and miasma.
Your stone body is resilient. (AC +4)
You are immune to poison.
You resist negative energy. (rN+)
You are resistant to electric shocks. (rElec)
You are resistant to unholy torment.
You are immune to petrification.


Message History

You hit Edmund.
Edmund is lightly wounded.
You block Edmund's attack.
You closely miss Edmund.
Edmund is lightly wounded.
Edmund hits you with a +0 dire flail of protection.
Edmund hits you but does no damage.
You hit Edmund.
Edmund is moderately wounded.
Edmund hits you but does no damage. You block Edmund's attack.
You hit Edmund but do no damage.
Edmund is moderately wounded.
Edmund hits you but does no damage.
You barely miss Edmund.
Edmund is moderately wounded.
Edmund barely misses you. x2
You barely miss Edmund.
Edmund is moderately wounded.
Edmund hits you but does no damage.
You closely miss Edmund.
Edmund is moderately wounded.
You block Edmund's attack.
Edmund gestures with his flail.
Edmund hits you but does no damage.
You hit Edmund but do no damage.
Edmund is moderately wounded.
Edmund hits you with a +0 dire flail of protection.
Your shield and chain mail prevent you from hitting Edmund.
Edmund is moderately wounded.
Edmund hits you with a +0 dire flail of protection.
* * * LOW HITPOINT WARNING * * *
Edmund closely misses you.
You barely miss Edmund.
Edmund is moderately wounded.
You block Edmund's attack.
You barely miss Edmund.
Edmund is moderately wounded.
Edmund hits you but does no damage.
Edmund hits you with a +0 dire flail of protection!
You die...

...........#..
.......... #######
#####.#... ..... # ##..
... .#.#...
###.######..#.#..# ##
##)#.........#.#...
#...#...........##.....
#....@@.........[#..###
#########..#######..#
.................#
..##....###......#
##...# #####..## #...#
#...# ##..# ##..# #..#
##..## ##.# ##..#..


You could see Edmund.

Vanquished Creatures
  A necrophage (D:4)
  3 crimson imps (D:3)
  A jelly (D:4)
  2 orc wizards
  4 adders
  An adder skeleton (D:4)
  A worm (D:3)
  2 dart slugs
  6 orcs
  3 endoplasms
  3 giant cockroaches
  5 goblins
  6 hobgoblins
  2 quokkas
  3 ball pythons
  3 bats
  4 frilled lizards
  2 kobolds
  3 rats
55 creatures vanquished.

Vanquished Creatures (others)
  4 plants (D:4)
4 creatures vanquished.

Grand Total: 59 creatures vanquished

Notes
Turn   | Place    | Note
-------+----------+-------------------------------------------
     0 | D:1      | bande the Gargoyle Fighter began the quest for the Orb.
     0 | D:1      | Reached XP level 1. HP: 14/14 MP: 1/1
     3 | D:1      | Found Leagiw's Weapon Shoppe.
    52 | D:1      | Found Yvvischami's Armour Shoppe.
   142 | D:1      | Found Enosupn Tiet's Book Shoppe.
   245 | D:1      | Reached XP level 2. HP: 15/19 MP: 2/2
   322 | D:1      | Found Poeditt's Book Emporium.
   335 | D:1      | Found a faded altar of an unknown god.
   347 | D:1      | Found Cineam's Weapon Emporium.
   552 | D:2      | Reached XP level 3. HP: 24/24 MP: 3/3
  1447 | D:3      | Reached XP level 4. HP: 25/29 MP: 4/4
  1961 | D:3      | Found a shimmering altar of Xom.
  1989 | D:3      | Reached XP level 5. HP: 33/33 MP: 5/5
  2442 | D:4      | Reached XP level 6. HP: 35/38 MP: 6/6
  2619 | D:4      | Noticed a necrophage
  2630 | D:4      | Killed a necrophage
  2752 | D:4      | Noticed Edmund
  2775 | D:4      | Slain by Edmund

Illustrated notes

Levels and vault maps discovered:
D:1:      minmay_arrival_open_corners, layout_rooms, serial_shops,
          nicolae_shop_statue_plus, shop, shop_coins, shop, shop,
          ebering_ecumenical_altar_hall
D:2:      layout_loops_ring
D:3:      layout_basic, led_xom_imps, serial_corexii_hall,
          corexii_hall_statues_x, corexii_hall_statues_deadend
D:4:      layout_layer_cave, skrybe_limestone_x, sigmund_edmund_badplayer

Skill      XL: |  1  2  3  4  5  6 |
---------------+-------------------+-----
Axes           | 2 3 4 |  4.0
Armour         | 4 |  4.5
Shields        | 4 |  4.8
Fighting       | 4 |  4.2
Dodging        | |  0.8

Action                   |  1- 3 |  4- 6 || total
-------------------------+-------+-------++-------
Melee: War axe           |    92 |   173 ||   265
  Use: Scroll            |     4 |     1 ||     5
       Potion            |       |     1 ||     1
Armor: Scale mail        |    46 |       ||    46
       Chain mail        |    20 |   140 ||   160
Dodge: Dodged            |    33 |    51 ||    84
Block: Kite shield       |    54 |    86 ||   140

Table legend: (Time is in decaauts)
 A = Elapsed time spent in this place.
 B = Non-inter-level travel time spent in this place.
 C = Inter-level travel time spent in this place.
 D = Time resting spent in this place.
 E = Time spent auto-exploring this place.
 F = Levels seen in this place.
 G = Mean time per level.
                   A        B        C        D        E       F      G
               +--------+--------+--------+--------+--------+-----+--------+
         Total |   2929 |   2913 |     16 |    253 |   1887 |   4 |  732.2 |
       Dungeon |   2929 |   2913 |     16 |    253 |   1887 |   4 |  732.2 |
               +--------+--------+--------+--------+--------+-----+--------+

Top non-repeatable levels by time:
     D:3: 1097 daAuts
     D:2: 721 daAuts
     D:1: 570 daAuts
     D:4: 540 daAuts
